 Dungeon Crawl Stone Soup version 0.25-a0-665-ga69d64035b (webtiles) character file.

Game seed: 4164563250978235083, levelgen mode: deterministic

630 kae the Gusty (level 7, -4/36 HPs)
             Began as a Tengu Air Elementalist on Mar 26, 2020.
             Slain by Menkaure (15 damage)
             ... on level 5 of the Dungeon.
             The game lasted 00:04:31 (4599 turns).

kae the Gusty (Tengu Air Elementalist)              Turns: 4599, Time: 00:04:31

Health: -4/36      AC:  4    Str:  5 (8)  XL:     7   Next: 48%
Magic:  13/13      EV: 14    Int: 17 (18) God:
Gold:   216        SH:  0    Dex: 11 (14) Spells: 3/13 levels left

rFire    . . .     SeeInvis +   f - +2 dagger (venom)
rCold    . . .     Gourm    .   (no shield)
rNeg     . . .     Faith    .   a - +0 robe
rPois    .         Spirit   .   (helmet restricted)
rElec    .         Reflect  .   (no cloak)
rCorr    .         Harm     .   k - +1 pair of gloves
MR       .....                  (boots unavailable)
Stlth    ++........             (no amulet)
HPRegen  0.12/turn              i - ring of see invisible
MPRegen  0.13/turn              (no ring)

@: flying quickly and evasively, quick
A: beak, talons 3, able to fly
a: Fly


You were on level 5 of the Dungeon.
You were not hungry.

You visited 2 branches of the dungeon, and saw 6 of its levels.

You collected 216 gold pieces.

Inventory:

Hand Weapons
 f - a +2 dagger of venom (weapon)
Armour
 a - a +0 robe (worn)
 k - a +1 pair of gloves (worn)
Jewellery
 i - a ring of see invisible (left hand)
 q - an uncursed ring of protection from fire {unknown}
Wands
 p - a wand of digging (4)
 u - a wand of enslavement (14)
 v - a wand of acid (5)
Scrolls
 d - 4 scrolls of identify {unknown}
 h - a scroll of noise {unknown}
 s - 2 scrolls of fear {unknown}
 w - a scroll of enchant armour
Potions
 b - a potion of cancellation
 l - a potion of degeneration
 m - 2 potions of magic {unknown}
 n - 3 potions of haste {unknown}
 o - a potion of curing {unknown}
 r - a potion of mutation {unknown}
 t - a potion of lignification {unknown}
Comestibles
 c - 10 rations
 g - 2 chunks of flesh


   Skills:
 - Level 2.1 Dodging
 - Level 2.0 Stealth
 + Level 3.6 Spellcasting
 * Level 6.5 Conjurations
 * Level 7.7 Air Magic


You had 3 spell levels left.
You knew the following spells:

 Your Spells              Type           Power        Failure   Level  Hunger
a - Shock                 Conj/Air       ####         1%          1    None
b - Static Discharge      Conj/Air       ####....     2%          3    ###....
c - Airstrike             Air            ####......   7%          4    ####...
d - Swiftness             Chrm/Air       ###.....     4%          2    ##.....

Your spell library contained the following spells:

 Spells                   Type           Power        Failure   Level  Hunger
 Freeze                   Ice            #...         16%         1    None
 Frozen Ramparts          Ice            #.....       43%         3    ###....
 Ozocubu's Armour         Chrm/Ice       #.......     43%         3    ###....
 Lightning Bolt           Conj/Air       ####......   24%         5    ######.
 Hailstorm                Conj/Ice       ##......     38%         4    ####...
 Summon Ice Beast         Ice/Summ       #.......     85%         4    ####...


Dungeon Overview and Level Annotations

Branches:
Dungeon (5/15)             Temple (1/1) D:4

Altars:
Ashenzari
Cheibriados
Elyvilon
Fedhas
Gozag
Hepliaklqana
Kikubaaqudgha
Makhleb
Okawaru
Ru
Sif Muna
Trog
Uskayaw
Wu Jian
Xom
Yredelemnul
Zin
The Shining One

Shops:
D:4 :}

Annotations:
D:5 Menkaure


Innate Abilities, Weirdness & Mutations

You have a beak for a mouth.
You have claws for feet.
You can fly continuously.


Message History

Here: Menkaure (resting)
The floor.
Press: ? - help, v - describe, . - travel
Here: Menkaure (resting)
The floor.
Menkaure shouts!
Menkaure calls on the powers of darkness!
Your body is wracked with pain!
Menkaure completely misses you.
You barely miss Menkaure. Your peck misses Menkaure.
It was a potion of flight.
You feel very buoyant.
You swoop lightly up into the air.
Menkaure calls on the powers of darkness!
Your body is wracked with pain!
It was a potion of degeneration.
There was something very wrong with that liquid.
You feel weakened.
You feel dopey.
You feel clumsy. Menkaure hits you!
You die...

... #......#....... #...#
#.##......'....... ......
#.##......#....... ......
#.##......#....... ......
#.##......#....... ......
#.##.....######### ......
#.##.....# ...... #M##.....# ##
...... .. #@##.....# #. ......
....##.##.....# #.
..................#.....########.
..............##..............##.
..............##..............##.
..............##......(.......##.
..............##........(........
.............>.#.................
...............#.................


You could see Menkaure.

Vanquished Creatures
  A centaur (D:5)
  A wyvern zombie (D:5)
  A scorpion (D:4)
  2 hounds (D:5)
  A bullfrog skeleton (D:5)
  An orc priest (D:3)
  2 orc wizards
  2 worker ants
  2 killer bee zombies (D:5)
  9 adders
  An ooze (D:2)
  An adder zombie (D:4)
  An adder skeleton (D:5)
  2 worms
  2 dart slugs
  2 leopard geckos
  15 orcs
  6 bats
  4 giant cockroaches
  5 hobgoblins
  2 jackals (D:3)
  3 kobolds
  3 quokkas
  4 frilled lizards
  2 goblins
  6 rats
81 creatures vanquished.

Notes
Turn   | Place    | Note
-------+----------+-------------------------------------------
     0 | D:1      | kae the Tengu Air Elementalist began the quest for the Orb.
     0 | D:1      | Reached XP level 1. HP: 10/10 MP: 4/4
   330 | D:1      | Reached XP level 2. HP: 11/15 MP: 1/6
  1106 | D:2      | Reached XP level 3. HP: 19/19 MP: 3/7
  1380 | D:2      | Reached skill level 5 in Air Magic
  1443 | D:2      | Reached XP level 4. HP: 24/24 MP: 4/8
  1588 | D:2      | Found a faded altar of an unknown god.
  1962 | D:3      | Gained mutation: You can fly continuously. [Tengu growth]
  1962 | D:3      | Reached XP level 5. HP: 19/28 MP: 0/10
  2243 | D:3      | Found a white marble altar of Elyvilon.
  2599 | D:2      | Learned a level 3 spell: Static Discharge
  2604 | D:2      | Learned a level 4 spell: Airstrike
  2613 | D:3      | Reached skill level 6 in Air Magic
  2739 | D:3      | Found a shimmering blue altar of Sif Muna.
  2933 | D:4      | Reached XP level 6. HP: 32/32 MP: 5/11
  2956 | D:4      | Found Inavvibula's Gadget Shoppe.
  2966 | D:4      | Found a staircase to the Ecumenical Temple.
  2984 | Temple   | Entered the Ecumenical Temple
  3072 | D:4      | Found a shimmering altar of Xom.
  3073 | D:4      | Found a shimmering altar of Xom.
  3080 | D:4      | Found a shimmering altar of Xom.
  3106 | D:4      | Reached skill level 5 in Conjurations
  3205 | D:4      | Found Tyachuit's Book Shop.
  3349 | D:4      | Found an ornate altar of the Wu Jian Council.
  3731 | D:5      | Entered Level 5 of the Dungeon
  3964 | D:5      | Reached skill level 7 in Air Magic
  4028 | D:5      | Learned a level 2 spell: Swiftness
  4074 | D:5      | Found a burning altar of Makhleb.
  4081 | D:5      | Reached XP level 7. HP: 29/36 MP: 4/13
  4594 | D:5      | Noticed Menkaure
  4599 | D:5      | Slain by Menkaure

Levels and vault maps discovered:
D:1:      dpeg_arrival_three_same_balls, layout_basic, hangedman_decor_riveting
D:2:      layout_loops_cross, first_ration, chequers_ecumenical_altar_lobes,
          item_on_display_a
D:3:      layout_rooms, led_sif_pool, elyvilon_altar_3
D:4:      layout_gridville, nicolae_overflow_crystal_walls,
          minmay_temple_entry_wispy, serial_shops, shop_statue,
          nicolae_shop_trees, wad_floor_pattern_untrapped, xom_redecorated
D:5:      layout_basic, makhleb_heckhound_becter, uniq_menkaure
Temple:   eino_temple_lava

Skill      XL: |  1  2  3  4  5  6  7 |
---------------+----------------------+-----
Conjurations   | 2 3 4 5 6 |  6.5
Air Magic      | 5 6 7 |  7.7
Spellcasting   | 3 |  3.6
Dodging        | |  2.1
Stealth        | |  2.0

Action                   |  1- 3 |  4- 6 |  7- 9 || total
-------------------------+-------+-------+-------++-------
Melee: Unarmed           |    21 |     1 |       ||    22
       Kick              |     5 |     8 |     2 ||    15
       Peck              |     3 |     2 |     2 ||     7
       Dagger            |       |    32 |    11 ||    43
 Cast: Shock             |    45 |   129 |    19 ||   193
       Static Discharge  |       |     1 |       ||     1
       Airstrike         |       |       |     4 ||     4
  Use: Scroll            |       |     5 |       ||     5
       Potion            |       |     2 |     4 ||     6
  Eat: Chunk             |     2 |     8 |       ||    10
       Ration            |       |       |     1 ||     1
Armor: Robe              |     5 |    12 |       ||    17
Dodge: Dodged            |    15 |    30 |    19 ||    64

Table legend:
 A = Non-vault XP
 B = Vault XP
 C = Vault XP percentage of total XP
 D = Non-vault monster count
 E = Vault monster count
 F = Vault count percentage of total count
                 A         B        C        D         E       F
            +---------+---------+-------+---------+---------+-------
      Total |     858 |      43 |   4.8 |      80 |       1 |   1.2
            +---------+---------+-------+---------+---------+-------
        D:1 |      13 |       0 |   0.0 |       7 |       0 |   0.0
        D:2 |     115 |       0 |   0.0 |      27 |       0 |   0.0
        D:3 |     156 |       0 |   0.0 |      24 |       0 |   0.0
        D:4 |     168 |       0 |   0.0 |       9 |       0 |   0.0
        D:5 |     406 |      43 |   9.6 |      13 |       1 |   7.1
            +---------+---------+-------+---------+---------+-------
